 Dungeon Crawl Stone Soup version 0.30-a0-587-gfd7c166f36 (webtiles) character file.

Game seed: 10605672081658704355

284 Bnni the Vexing (level 6, -4/46 HPs)
             Began as a Formicid Hexslinger on Jan 4, 2023.
             Slain by Decipherer's ghost (10 damage)
             ... on level 3 of the Dungeon.
             The game lasted 00:03:57 (2729 turns).

Bnni the Vexing (Formicid Hexslinger)               Turns: 2729, Time: 00:03:57

Health: -4/46      AC:  2    Str: 15    XL:     6   Next: 54%
Magic:  0/9        EV: 12    Int: 16    God:
Gold:   98         SH:  0    Dex: 14    Spells: 1/9 levels left

rFire   + + +      SeeInvis +    k - +6 dagger of the Bear {freeze, rF+++ Int+2 Stlth+}
rCold   . . .      Faith    .    (no shield)
rNeg    . . .      Spirit   .    c - +0 robe
rPois   .          Reflect  .    (helmet unavailable)
rElec   .          Harm     .    (no cloak)
rCorr   .          Rampage  .    (no gloves)
Will    .....                    (no boots)
Stlth   ++                       (no amulet)
HPRegen 0.27/turn                (no ring)
MPRegen 0.11/turn                (no ring)

@: no status effects
A: permanent stasis, dig shafts and tunnels, antennae 3, four strong arms
a: Dig, Shaft Self


You were on level 3 of the Dungeon.
You visited 1 branch of the dungeon, and saw 3 of its levels.

You collected 98 gold pieces.

Inventory:

Hand Weapons
 a - a +1 sling
 k - the +6 dagger of the Bear (weapon) {freeze, rF+++ Int+2 Stlth+}
   (You found it on level 2 of the Dungeon)

   It freezes those it strikes, dealing additional cold damage.
   It can also slow down cold-blooded creatures.
   Int:       It affects your intelligence (+2).
   rF:        It renders you almost immune to fire.
   Stlth:     It makes you more stealthy.
Armour
 c - a +0 robe (worn)
Scrolls
 b - a scroll of poison
 d - a scroll of magic mapping {unknown}
 f - 5 scrolls of identify {unknown}
 g - a scroll of blinking {unknown}
 j - 2 scrolls of teleportation {unknown}
 l - a scroll of enchant armour {unknown}
 m - a scroll of torment {unknown}
 o - a scroll of vulnerability {unknown}
Potions
 h - a potion of degeneration {unknown}
 i - a potion of brilliance {unknown}
 n - a potion of flight {unknown}


   Skills:
 + Level 2.5 Fighting
 * Level 3.5 Ranged Weapons
 - Level 1.7 Dodging
 + Level 2.1 Spellcasting
 * Level 5.2 Hexes
 * Level 2.7 Fire Magic


You had one spell level left.
You knew the following spells:

 Your Spells              Type           Power      Damage    Failure   Level
a - Slow                  Hex            72%        N/A       2%          1
b - Inner Flame           Hex/Fire       14%        N/A       12%         3
d - Cause Fear            Hex            9%         N/A       24%         4

Your spell library contained the following spells:

 Spells                   Type           Power      Damage    Failure   Level
 Portal Projectile        Hex/Tloc       20%        N/A       22%         3


Dungeon Overview and Level Annotations

Branches:
Dungeon (3/15)

Altars:

Annotations:
D:3 Decipherer's ghost, amateur MiBe


Innate Abilities, Weirdness & Mutations

You cannot be hasted, slowed, berserked, paralysed or teleported.
You can dig through walls and to a lower floor.
You have a pair of large antennae on your head. (SInv)
Your four strong arms can wield two-handed weapons with a shield.


Message History

Confirm with . or Enter, or press ? or * to list all spells.
Aiming: Slow (safe; 2% risk of failure)
Press: ? - help, Shift-Dir - straight line, f/p - Decipherer's ghost
Aim: Decipherer's ghost (inner flame, chance to affect: 39%) Decipherer's ghost resists with some effort.
Decipherer's ghost hits you!
You closely miss Decipherer's ghost. Decipherer's ghost hits you!
You hit Decipherer's ghost but do no damage.
Decipherer's ghost hits you!
* * * LOW HITPOINT WARNING * * *
It was a potion of heal wounds.
You feel much better. Decipherer's ghost barely misses you.
You closely miss Decipherer's ghost. Decipherer's ghost hits you!
You hit Decipherer's ghost but do no damage.
Decipherer's ghost hits you.
Your magical contamination has completely faded away.
You hit Decipherer's ghost.
Flame seeps out of Decipherer's ghost.
You freeze Decipherer's ghost.
Flame seeps out of Decipherer's ghost.
Decipherer's ghost is lightly damaged.
Decipherer's ghost is engulfed in blazing flames.
Flame seeps out of Decipherer's ghost.
Decipherer's ghost hits you!
Okay, then.
Unknown command.
Unknown command.
Casting: Slow (safe; 2% risk of failure)
Confirm with . or Enter, or press ? or * to list all spells.
Aiming: Slow (safe; 2% risk of failure)
Press: ? - help, Shift-Dir - straight line, f/p - Decipherer's ghost
Aim: Decipherer's ghost (flame, lightly damaged, inner flame, chance to affect: 39%) Decipherer's ghost seems to slow down.
You closely miss Decipherer's ghost.
Decipherer's ghost is lightly damaged.
Decipherer's ghost is engulfed in blazing flames.
Flame seeps out of Decipherer's ghost.
Decipherer's ghost hits you!
* * * LOW HITPOINT WARNING * * *
Unknown command.
You barely miss Decipherer's ghost.
Decipherer's ghost is heavily damaged.
Decipherer's ghost hits you!
You die...

###############.#.###........#
#.............#........########
#.......).....###.####.#......#
#.............# #.####.#.####.#
#.............# #....#.#.####'###
#.............######.#.#.##......
#.........>...##.......<.........
#.............##.###.######...###
#.............##@# #........###..
#.......†.......W#######..###....
#.............#..........##....##
#.............##.#####...#....#
#########....#...........#...## .
#....#.......(...{...# .
#....#........#..'...# =
##............##.'...# .
###..##########.#....# .


You could see Decipherer's ghost (inner flame, slow).

Vanquished Creatures
  Pargi (D:3)
  An orc wizard (D:3)
  Natasha (thrice) (D:3)
  A white imp (D:3)
  2 dart slugs
  An adder simulacrum (D:3)
  3 orcs (D:3)
  3 ball pythons
  5 endoplasms
  5 giant cockroaches
  4 goblins
  10 hobgoblins
  3 jackals (D:1)
  6 kobolds
  3 quokkas
  5 bats
  3 frilled lizards (D:3)
  A giant cockroach simulacrum (D:3)
  6 rats
66 creatures vanquished.

Notes
Turn   | Place    | Note
-------+----------+-------------------------------------------
     0 | D:1      | Bnni the Formicid Hexslinger began the quest for the Orb.
     0 | D:1      | Reached XP level 1. HP: 15/15 MP: 2/2
   102 | D:1      | Reached XP level 2. HP: 21/21 MP: 3/3
   252 | D:1      | Reached skill level 4 in Hexes
   254 | D:1      | Reached XP level 3. HP: 26/26 MP: 3/5
   258 | D:1      | Learned a level 3 spell: Inner Flame
   482 | D:1      | Reached skill level 1 in Fire Magic
  1042 | D:2      | Identified the +6 dagger of the Bear {freeze, rF+++ Int+2
                  | Stlth+}
  1265 | D:2      | Reached XP level 4. HP: 32/33 MP: 6/6
  1534 | D:2      | Found a faded altar of an unknown god.
  1714 | D:3      | Noticed Natasha
  1721 | D:3      | Killed Natasha
  1785 | D:3      | Noticed Decipherer's ghost (amateur MiBe)
  1925 | D:3      | Reached XP level 5. HP: 16/38 MP: 7/7
  2081 | D:3      | Noticed Natasha
  2090 | D:3      | Killed Natasha
  2120 | D:3      | Noticed Pargi
  2142 | D:3      | Found a runed translucent gate.
  2188 | D:3      | Noticed Natasha
  2196 | D:3      | Killed Natasha
  2305 | D:3      | Killed Pargi
  2306 | D:3      | Reached skill level 5 in Hexes
  2306 | D:3      | Reached XP level 6. HP: 8/46 MP: 4/9
  2548 | D:3      | Learned a level 4 spell: Cause Fear
  2578 | D:3      | Found a runed translucent gate.
  2578 | D:3      | Found a runed translucent gate.
  2729 | D:3      | Slain by Decipherer's ghost

Illustrated notes

Levels and vault maps discovered:
D:1:      amcnicky_arrival_gap_in_the_tavern_cellar, layout_loops_corners
D:2:      layout_loops_ring, shapermc_ecumenical_altar_hornbeckon
D:3:      layout_basic, gammafunk_ghost_icy, uniq_pargi, uniq_natasha

Skill      XL: |  1  2  3  4  5 |
---------------+----------------+-----
Hexes          | 4 5 |  5.2
Fire Magic     | 1 2 |  2.7
Fighting       | 2 |  2.5
Ranged Weapons | 3 |  3.5
Spellcasting   | 2 |  2.1
Dodging        | |  1.7

Action                   |  1- 3 |  4- 6 || total
-------------------------+-------+-------++-------
Melee: Dagger            |    14 |    77 ||    91
       Punch             |     1 |       ||     1
 Fire: Sling             |    91 |     6 ||    97
 Cast: Slow              |       |     7 ||     7
       Inner Flame       |       |     6 ||     6
 Abil: Dig               |       |     1 ||     1
  Use: Potion            |       |     2 ||     2
 Stab: Sleeping          |     2 |     2 ||     4
Armor: Robe              |    15 |    14 ||    29
Dodge: Dodged            |    26 |    45 ||    71

Table legend: (Time is in decaauts)
 A = Elapsed time spent in this place.
 B = Non-inter-level travel time spent in this place.
 C = Inter-level travel time spent in this place.
 D = Time resting spent in this place.
 E = Time spent auto-exploring this place.
 F = Levels seen in this place.
 G = Mean time per level.
                   A        B        C        D        E       F      G
               +--------+--------+--------+--------+--------+-----+--------+
         Total |   2772 |   2635 |    137 |    321 |   1799 |   3 |  924.0 |
       Dungeon |   2772 |   2635 |    137 |    321 |   1799 |   3 |  924.0 |
               +--------+--------+--------+--------+--------+-----+--------+

Top non-repeatable levels by time:
     D:1: 1017 daAuts
     D:3: 975 daAuts
     D:2: 779 daAuts
